 Dungeon Crawl Stone Soup version 0.22.1-1-ga44c0e5 (webtiles) character file.

222 Stepladder the Poker (level 5, 0/42 HPs)
             Began as a Merfolk Gladiator on Sept 29, 2018.
             Killed from afar by Blork the orc (11 damage)
             ... with a puff of flame
             ... on level 4 of the Dungeon.
             The game lasted 00:14:55 (3684 turns).

Stepladder the Poker (Merfolk Gladiator)            Turns: 3684, Time: 00:14:55

Health: 0/42       AC:  7    Str: 16    XL:     5   Next: 99%
Magic:  5/5        EV: 15    Int:  7    God:
Gold:   133        SH:  4    Dex: 15    Spells: 4/4 levels left

rFire    . . .     SeeInvis .   a - +0 trident
rCold    . . .     Gourm    .   (no shield)
rNeg     . . .     Faith    .   b - +0 leather armour
rPois    .         Spirit   .   c - +0 helmet
rElec    .         Reflect  +   (no cloak)
rCorr    .         Harm     .   n - +1 pair of gloves
MR       .....                  w - +0 pair of boots
Stlth    ++........             j - +4 amulet of reflection
HPRegen  0.14/turn              (no ring)
MPRegen  0.09/turn              (no ring)

@: no status effects
A: change form in water, swift swim, stealthy swim
a: no special abilities


You were on level 4 of the Dungeon.
You were not hungry.

You visited 1 branch of the dungeon, and saw 4 of its levels.

You collected 133 gold pieces.

Inventory:

Hand Weapons
 a - a +0 trident (weapon)
Missiles
 d - 2 throwing nets (quivered)
 e - 61 stones
 p - 2 exploding tomahawks
Armour
 b - a +0 leather armour (worn)
 c - a +0 helmet (worn)
 n - a +1 pair of gloves (worn)
 u - a +0 scale mail
 w - a +0 pair of boots (worn)
Jewellery
 j - a +4 amulet of reflection (around neck)
 l - an uncursed amulet of rage
 z - an uncursed ring of fire {unknown}
Scrolls
 h - 3 scrolls of enchant armour
 o - a scroll of teleportation {unknown}
 q - 2 scrolls of remove curse
 r - a scroll of fog {unknown}
 s - 2 scrolls of fear
 t - a scroll of magic mapping {unknown}
 y - a scroll of immolation {unknown}
Potions
 g - 3 potions of flight {unknown}
 i - a potion of haste
 k - 5 potions of curing
 v - 2 potions of heal wounds {unknown}
 x - a potion of cancellation {unknown}
 A - a potion of brilliance {unknown}
Comestibles
 f - 7 rations
 m - a chunk of flesh


   Skills:
 + Level 4.0 Fighting
 + Level 6.2 Polearms
 - Level 2.0 Throwing
 + Level 5.7 Dodging
 - Level 2.0 Stealth


You had 4 spell levels left.
You didn't know any spells.
Your spell library was empty.

Dungeon Overview and Level Annotations

Branches:
Dungeon (4/15)
 Temple: D:4-7

Altars:
Fedhas
Okawaru
Qazlal

Annotations:
D:4 Blork the orc


Message History

A puff of flame appears from out of thin air!
The puff of flame misses you.
You hear some strange, mumbled words.
A puff of flame appears from out of thin air!
The puff of flame misses you. Something hits you. Something barely misses you.
Something hits you.
A puff of frost appears from out of thin air!
The puff of frost hits you!
* * * LOW HITPOINT WARNING * * *
A magic dart appears from out of thin air!
The magic dart hits you! Something hits you but does no damage.
Found a ration.
Something hits you.
* * * LOW HITPOINT WARNING * * *
A puff of flame appears from out of thin air!
The puff of flame hits you!
You die...

..#### ..
....... .#
##......## #.
#........# #.##
##........# #.##
#.........# #
##..##
#.........#
###....##
#@........#
.#......###
#.......%#
....####..###
##.....### ...##
##...####.{#####
....#
###...#..##
.....# ###...##
......# ##..# #
......# ##.# #
....### #.### ##


There were no monsters in sight!

Vanquished Creatures
  An orc wizard (D:3)
  A hound skeleton (D:3)
  8 adders
  5 oozes
  An adder skeleton (D:4)
  A worm (D:2)
  2 dart slugs
  2 leopard geckos
  2 orcs
  2 ball pythons (D:1)
  3 giant cockroaches (D:2)
  5 goblins
  13 hobgoblins
  3 jackals (D:3)
  9 kobolds
  3 quokkas
  9 bats
  6 frilled lizards
  7 rats
83 creatures vanquished.

Notes
Turn   | Place    | Note
-------+----------+-------------------------------------------
     0 | D:1      | Stepladder the Merfolk Gladiator began the quest for the
                  | Orb.
     0 | D:1      | Reached XP level 1. HP: 16/16 MP: 1/1
   168 | D:1      | Reached XP level 2. HP: 20/23 MP: 2/2
   428 | D:1      | Reached skill level 5 in Polearms
   428 | D:1      | Reached XP level 3. HP: 25/28 MP: 3/3
  1452 | D:2      | Reached XP level 4. HP: 35/35 MP: 4/4
  1642 | D:2      | Reached skill level 1 in Stealth
  1724 | D:2      | Found an iron altar of Okawaru.
  1732 | D:2      | Reached skill level 5 in Dodging
  2319 | D:3      | Reached XP level 5. HP: 40/41 MP: 5/5
  2442 | D:3      | Found a stormy altar of Qazlal.
  3161 | D:3      | Found a blossoming altar of Fedhas.
  3173 | D:3      | Reached skill level 6 in Polearms
  3641 | D:4      | Noticed Blork the orc
  3684 | D:4      | Killed from afar by Blork the orc

Skill      XL: |  1  2  3  4  5 |
---------------+----------------+-----
Polearms       | 5 6 |  6.2
Fighting       | 3 4 |  4.0
Stealth        | 1 2 |  2.0
Dodging        | 5 |  5.7
Throwing       | |  2.0

Action                   |  1- 3 |  4- 6 || total
-------------------------+-------+-------++-------
Melee: Trident           |   128 |   195 ||   323
Throw: Stone             |    14 |    12 ||    26
       Tomahawk          |     1 |     5 ||     6
       Throwing net      |       |     1 ||     1
  Use: Scroll            |     2 |     7 ||     9
 Stab: Sleeping          |     2 |     1 ||     3
       Held in net/web   |       |     1 ||     1
  Eat: Chunk             |     2 |     7 ||     9
Armor: Leather armour    |    42 |    50 ||    92
Dodge: Dodged            |    81 |   138 ||   219
Block: Other             |       |     3 ||     3
